 Dungeon Crawl Stone Soup version 0.31-a0-446-g07c4bd200f (webtiles) character file.

Game seed: 1221288030124540015

1648 Ethylacetat the Insei (level 9, 0/47 (49) HPs)
             Began as a Vine Stalker Monk on Aug 3, 2023.
             Was an Initiate of Gozag.
             Slain by a wight
             ... wielding a +3 trident
              (7 damage)
             ... on level 6 of the Dungeon.
             The game lasted 00:08:04 (4057 turns).

Ethylacetat the Insei (Vine Stalker Monk)           Turns: 4057, Time: 00:08:05

HP:   0/47 (49)     AC:  4    Str: 13    XL:     9   Next: 0%
MP:   0/16          EV: 15    Int: 10    God:    Gozag
Gold: 582           SH:  0    Dex: 22    Spells: 16/16 levels left

rFire   . .          .
                       - Unarmed
rCold   . . .        c - orb {light}
rNeg    . . .        a - +0 robe
rPois   .            d - +2 hat
rElec   .            (no cloak)
rCorr   .            (no gloves)
SInv    .            (no boots)
Will    +....        (no amulet)
Stlth   +            (no ring)
HPRegen 1.07/turn    (no ring)
MPRegen 0.15/turn

%: guardian spirit
@: confused, ambrosia-drunk, attractive, glowing, lightly drained
A: fangs 3, regeneration 1, magic shield, antimagic bite, no potion heal 2
a: Renounce Religion, Potion Petition, Call Merchant, Bribe Branch


You were on level 6 of the Dungeon.
You worshipped Gozag.
Gozag was pleased with you.
You visited 2 branches of the dungeon, and saw 7 of its levels.

You collected 582 gold pieces.

Inventory:

Armour
 a - a +0 robe (worn)
 c - an orb of light (worn)
 d - a +2 hat (worn)
 h - an orb of wrath
Jewellery
 n - a ring of protection from fire
 w - a ring of willpower
Wands
 t - a wand of charming (8)
Scrolls
 g - a scroll of enchant weapon {unknown}
 i - a scroll of identify {unknown}
 l - 2 scrolls of blinking {unknown}
 m - 3 scrolls of amnesia {unknown}
 p - a scroll of immolation {unknown}
 q - 3 scrolls of noise {unknown}
 v - a scroll of teleportation {unknown}
 x - a scroll of fear {unknown}
Potions
 e - 4 potions of curing
 f - a potion of attraction
 j - a potion of degeneration {unknown}
 k - 2 potions of heal wounds {unknown}
 o - 2 potions of haste {unknown}
 r - a potion of resistance {unknown}
 s - 2 potions of enlightenment {unknown}
 u - 2 potions of lignification {unknown}


   Skills:
 + Level 6.5 Fighting
 - Level 4.2 Dodging
 + Level 7.0 Unarmed Combat
 + Level 4.4 Spellcasting


You had 16 spell levels left.
You didn't know any spells.
Your spell library contained the following spells:

 Spells                   Type           Power      Damage    Failure   Level
 Magic Dart               Conj           8%         1d3       24%         1
 Shock                    Conj/Air       8%         1d3       24%         1
 Blink                    Tloc           4%         N/A       36%         2
 Call Imp                 Summ           4%         N/A       36%         2
 Ensorcelled Hibernation  Hex/Ice        4%         N/A       36%         2
 Lesser Beckoning         Tloc           4%         N/A       36%         2
 Momentum Strike          Conj/Tloc      4%         3d8       36%         2
 Mephitic Cloud           Conj/Pois/Air  2%         N/A       58%         3
 Swiftness                Air            2%         N/A       58%         3
 Airstrike                Air            1%         2d(1-17)  94%         4
 Anguish                  Hex/Necr       1%         N/A       94%         4
 Manifold Assault         Tloc           2%         N/A       94%         4


Dungeon Overview and Level Annotations

Branches:
Dungeon (6/15)             Temple (1/1) D:4

Altars:
Ashenzari
Cheibriados
Dithmenos
Elyvilon
Fedhas
Gozag
Hepliaklqana
Kikubaaqudgha
Makhleb
Nemelex Xobeh
Okawaru
Qazlal
Ru
Trog
Uskayaw
Vehumet
Xom
Yredelemnul
Zin
The Shining One

Shops:
D:1 ![   D:6 ((*


Innate Abilities, Weirdness & Mutations

You have razor-sharp teeth.
Your natural rate of healing is unusually fast.
When hurt, damage is shared between your health and your magic reserves.
Your bite disrupts and absorbs the magic of your enemies.
Potions cannot restore your health.


Message History

The wight attacks as you move away!
The wight hits you with a +2 mace of freezing.
The wight freezes you.
The wight hits you from afar with a +3 trident.
The wight attacks as you move away! The wight misses you.
You open the door. The wight closely misses you.
There is an open door here.
The wight attacks as you move away! The wight barely misses you.
The wight misses you. The wight attacks as you move away!
The wight hits you with a +2 mace of freezing.
The wight freezes you.
Found 3 stones.
The wight completely misses you. The wight attacks as you move away!
The wight hits you with a +2 mace of freezing.
The wight freezes you. The wight attacks as you move away!
The wight hits you with a +2 mace of freezing!
You feel drained. The wight freezes you.
A hound comes into view.
The hound barks!
The hound bites you.
* * * LOW HITPOINT WARNING * * *
It was a potion of curing.
That felt strangely inert.
The hound bites you.
* * * LOW HITPOINT WARNING * * *
The wight misses you.
Unknown command.
It was a potion of attraction.
You feel attractive to monsters. The hound barely misses you.
The wight hits you but does no damage. The wight closely misses you.
The hound misses you. The wight is attracted toward you.
You are confused.
Your system rejects the healing.
You feel invigorated. The hound completely misses you.
The wight hits you with a +3 trident!
* * * LOW HITPOINT WARNING * * *
The wight misses you.
You hit the wight but do no damage. The hound misses you.
The wight hits you with a +3 trident!
You die...
Your body crumbles into a pile of gold.

.......# #...z..#
#..z.zz##########
####'#.#........#### +###
#.#...........# .....
#.#.#...........# .....
#.#z............##.....
#.##zz(..............(.
###.##.........@z........
##.#.#.........h#z........
...#.###........#.§..#+##
.....#####'######....#
...........######....#
...#.#####.#.........#
....z#####≈≈.........# $
###.......≈≈.......###
#..###.#≈≈.[.....#


You could see a hound and 2 wights.

Vanquished Creatures
  Menkaure (D:4)
  A black bear (D:5)
  3 ogres
  A phantom (D:6)
  Blork the orc (D:4)
  A bullfrog (D:6)
  3 scorpions
  3 wights (D:6)
  2 howler monkeys
  3 orc priests
  4 hounds
  2 jellies (D:4)
  5 iguanas (D:5)
  9 adders
  A white imp (D:5)
  An ufetubus (D:4)
  2 worms
  A dart slug (D:1)
  9 orcs
  5 ball pythons
  8 endoplasms
  4 giant cockroaches
  7 goblins
  3 hobgoblins
  9 jackals
  5 quokkas
  2 bats
  4 frilled lizards
  7 kobolds
  11 rats
118 creatures vanquished.

Notes
Turn   | Place    | Note
-------+----------+-------------------------------------------
     0 | D:1      | Ethylacetat the Vine Stalker Monk began the quest for the
                  | Orb.
     0 | D:1      | Reached XP level 1. HP: 11/11 MP: 2/2
    70 | D:1      | Found Buucasch's Antique Armour Shop.
   150 | D:1      | Reached XP level 2. HP: 14/16 MP: 3/3
   347 | D:1      | Found Befilen's Distillery.
   506 | D:2      | Reached XP level 3. HP: 17/20 MP: 2/4
  1047 | D:2      | Gained mutation: Your natural rate of healing is unusually
                  | fast. [Vine Stalker growth]
  1047 | D:2      | Reached XP level 4. HP: 24/24 MP: 5/5
  1843 | D:4      | Reached skill level 4 in Unarmed Combat
  1843 | D:4      | Reached XP level 5. HP: 27/29 MP: 4/6
  1971 | D:4      | Found a staircase to the Ecumenical Temple.
  1992 | D:4      | Noticed Blork the orc
  2002 | D:4      | Killed Blork the orc
  2003 | D:4      | Reached XP level 6. HP: 26/33 MP: 7/7
  2019 | Temple   | Entered the Ecumenical Temple
  2040 | Temple   | Became a worshipper of Gozag Ym Sagoz the Greedy
  2218 | D:4      | Noticed Menkaure
  2233 | D:4      | Killed Menkaure
  2234 | D:4      | Reached skill level 5 in Unarmed Combat
  2234 | D:4      | Reached XP level 7. HP: 19/38 MP: 6/8
  2707 | D:4      | Reached skill level 5 in Fighting
  2707 | D:4      | Reached skill level 1 in Spellcasting
  3045 | D:5      | Entered Level 5 of the Dungeon
  3140 | D:5      | Gained mutation: You have razor-sharp teeth. [Vine Stalker
                  | growth]
  3140 | D:5      | Reached XP level 8. HP: 24/43 MP: 5/12
  3258 | D:5      | Reached skill level 6 in Unarmed Combat
  3466 | D:5      | Found a burning altar of Makhleb.
  3494 | D:5      | Found a hazy altar of Hepliaklqana.
  3598 | D:5      | Found a white marble altar of Elyvilon.
  3659 | D:5      | Found a radiant altar of Vehumet.
  4014 | D:6      | Found Fiatexyi's Antique Weapon Emporium.
  4014 | D:6      | Found Bagripn's Weapon Shoppe.
  4015 | D:6      | Found Uhawkod's General Store.
  4037 | D:6      | Reached skill level 7 in Unarmed Combat
  4037 | D:6      | Reached XP level 9. HP: 23/48 MP: 6/16
  4057 | D:6      | Slain by a wight

Illustrated notes

Levels and vault maps discovered:
D:1:      tarquinn_simple_flora_water_a, layout_rooms, serial_shops,
          nicolae_shop_tiny_statue_garden, nicolae_shop_industrial_runoff,
          dk_noncrumbling_3
D:2:      layout_basic, minmay_parallelograms, grunt_decor_arrowhead,
          corexii_shack, chequers_jeans, minmay_misc_feat_rugged
D:3:      layout_rooms, corexii_corridor_pit, serial_bayou_pond_c
D:4:      cheibrodos_pilgrimage, layout_loops_corners,
          minmay_temple_entry_offerings, bh_walls_and_bars, uniq_blork_the_orc,
          uniq_menkaure
D:5:      layout_rooms, mainiacjoe_overflow_two_lobes, lemuel_crystal_altar,
          lemuel_tele_altar, serial_park_tiny_2,
          nicolae_kite_square_tiling_tiny, skrybe_limestone_x
D:6:      layout_basic, minivault_5, nicolae_stop_n_shop_1, grunt_ministairs_5,
          nicolae_wooded_promenade, uniq_prince_ribbit1, uniq_sigmund,
          uniq_edmund, uniq_grinder
Temple:   nicolae_temple_slightly_damp_pantheon

Skill      XL: |  1  2  3  4  5  6  7  8 |
---------------+-------------------------+-----
Fighting       | 3 4 5 6 |  6.5
Dodging        | 3 4 |  4.2
Unarmed Combat | 4 5 7 |  7.0
Spellcasting   | 2 4 |  4.4

Action                     |  1- 3 |  4- 6 |  7- 9 || total
---------------------------+-------+-------+-------++-------
  Melee: Unarmed           |   102 |   119 |   151 ||   372
         Bite              |    24 |    52 |    66 ||   142
  Evoke: Wand              |       |       |     1 ||     1
    Use: Potion            |       |       |     3 ||     3
   Stab: Sleeping          |       |     1 |       ||     1
         Distracted        |       |       |     1 ||     1
 Armour: Robe              |    29 |    24 |    21 ||    74
  Dodge: Dodged            |    87 |    62 |    97 ||   246

Table legend: (Time is in decaauts)
 A = Elapsed time spent in this place.
 B = Non-inter-level travel time spent in this place.
 C = Inter-level travel time spent in this place.
 D = Time resting spent in this place.
 E = Time spent auto-exploring this place.
 F = Levels seen in this place.
 G = Mean time per level.
                   A        B        C        D        E       F      G
               +--------+--------+--------+--------+--------+-----+--------+
         Total |   4031 |   3901 |    130 |     30 |   3020 |   7 |  575.9 |
       Dungeon |   3988 |   3898 |     90 |     30 |   3020 |   6 |  664.7 |
        Temple |     42 |      2 |     40 |      0 |      0 |   1 |   42.0 |
               +--------+--------+--------+--------+--------+-----+--------+

Top non-repeatable levels by time:
     D:4: 1193 daAuts
     D:2: 828 daAuts
     D:5: 815 daAuts
     D:1: 498 daAuts
     D:3: 468 daAuts
     D:6: 184 daAuts
  Temple: 42 daAuts
